 Dungeon Crawl Stone Soup version 0.31-a0-1165-g196b491b36 (webtiles) character file.

Game seed: 6909346320026072633

1137 Lobster4 the Firebug (level 8, 0/43 HPs)
             Began as a Deep Elf Fire Elementalist on Dec 9, 2023.
             Slain by a sky beast (3 damage)
             ... on level 7 of the Dungeon.
             The game lasted 00:09:07 (4070 turns).

Lobster4 the Firebug (Deep Elf Fire Elementalist)   Turns: 4070, Time: 00:09:07

Health: 0/43       AC:  6    Str:  4    XL:     8   Next: 14%
Magic:  12/18      EV: 13    Int: 27    God:
Gold:   209        SH:  0    Dex: 14    Spells: 5/18 levels left

rFire   . . .        f - +0 short sword
rCold   . . .        (no shield)
rNeg    . . .        a - +0 robe
rPois   .            y - +2 helmet
rElec   .            (no cloak)
rCorr   .            (no gloves)
SInv    .            e - +0 pair of boots
Will    .....        (no amulet)
Stlth   ++           (no ring)
HPRegen 0.27/turn    (no ring)
MPRegen 0.16/turn

%: random rage (3%)
@: about to teleport, attractive
A: berserk 1, clever 1, wild magic 1, evolution 1
a: no special abilities


You were on level 7 of the Dungeon.
You visited 1 branch of the dungeon, and saw 5 of its levels.
You also visited: Sewer.

You collected 209 gold pieces.

Inventory:

Hand Weapons
 c - a +0 dagger
 f - a +0 short sword (weapon)
 p - a +0 sling
Missiles
 d - 6 poisoned darts
 j - 16 stones
Armour
 a - a +0 robe (worn)
 e - a +0 pair of boots (worn)
 n - a +0 buckler
 s - a +0 ring mail
 v - an orb of light
 y - a +2 helmet (worn)
Jewellery
 l - a ring of ice
Wands
 m - a wand of digging (2)
 w - a wand of roots (10)
Scrolls
 g - a scroll of teleportation
 h - a scroll of amnesia {unknown}
 i - a scroll of fog
 k - 2 scrolls of enchant armour {unknown}
 q - a scroll of fear {unknown}
 r - a scroll of enchant weapon {unknown}
 u - a scroll of poison {unknown}
 x - a scroll of blinking {unknown}


   Skills:
 + Level 1.2 Fighting
 - Level 1.0 Short Blades
 + Level 1.2 Armour
 - Level 3.0 Dodging
 - Level 3.0 Stealth
 + Level 2.6 Shields
 + Level 5.6 Spellcasting
 + Level 4.1 Conjurations
 * Level 6.6 Fire Magic
 + Level 1.5 Air Magic
 + Level 1.7 Poison Magic
 + Level 2.0 Evocations


You had 5 spell levels left.
You knew the following spells:

 Your Spells              Type           Power      Damage    Failure   Level
a - Foxfire               Conj/Fire      100%       2x1d9     1%          1
b - Scorch                Fire           100%       2d9       1%          2
c - Mephitic Cloud        Conj/Pois/Air  27%        N/A       12%         3
d - Flame Wave            Conj/Fire      47%        2d12      12%         4
i - Inner Flame           Hex/Fire       33%        N/A       9%          3

Your spell library contained the following spells:

 Spells                   Type           Power      Damage    Failure   Level
 Poisonous Vapours        Pois/Air       42%        N/A       9%          2
 Volatile Blastmotes      Fire/Tloc      66%        2d15      9%          3
 Vhi's Electric Charge    Tloc/Air       30%        N/A       52%         4
 Arcjolt                  Conj/Air       14%        1d24      61%         5
 Freezing Cloud           Conj/Ice/Air   11%        6-21      73%         5
 Maxwell's Capacitive Co  Air            10%        ∞         100%        8


Dungeon Overview and Level Annotations

Branches:
Dungeon (7/15)              Sewer (visited)
 Temple: D:4-7

Altars:

Shops:
D:3 (


Innate Abilities, Weirdness & Mutations

You sometimes lose your temper in combat.
Your mind is acute. (Int +4, Str/Dex -1)
Your spells are a little harder to cast, but a little more powerful.
You have hidden genetic potential.


Message History

Magic courses through your body. The howler monkey closely misses you.
The ice beast is attracted toward you.
Casting: Foxfire (safe; 1% risk of failure)
Confirm with . or Enter, or press ? or * to list all spells.
Casting: Flame Wave (quite dangerous; 13% risk of failure)
Press: ? - help, Dir - look around, f - activate A wave of flame ripples out!
The flame wave engulfs the ice beast!!
The ice beast melts!
The ice beast is severely wounded.
The flame wave engulfs the howler monkey!!
You kill the howler monkey! (Press . to intensify the flame waves.)
The ice beast hits you. The ice beast freezes you!
* * * LOW HITPOINT WARNING * * *
You have reached level 8!
You feel clever.
A wave of flame ripples out!
The flame wave engulfs the ice beast!!
The ice beast melts!
You kill the ice beast!
The flame wave engulfs the orc wizard!
The orc wizard is severely wounded.
The orc wizard hits you with a +0 dagger of flaming.
* * * LOW HITPOINT WARNING * * *
The orc wizard burns you.
* * * LOW HITPOINT WARNING * * *
A wave of flame ripples out!
The flame wave engulfs the orc wizard!
You kill the orc wizard!
You finish channelling waves of flame.
You hear an angry hiss.
You hear a shout! x2
Your Evocations skill increases to level 2!
You aren't carrying any potions.
As you read the scroll of fog, it dissolves into smoke.
You start resting.
The sky beast is attracted toward you.
As you read the scroll of teleportation, it crumbles to dust.
You feel strangely unstable. The sky beast closely misses you.
The sky beast flickers out of sight!
Deactivating autopickup; reactivate with Ctrl-A.
Something hits you.
You die...

### ###
...#.
###@#§.....
#§§{§§[....
#§§§§#.....
#§§§§# ...
#.§### .
... #...
.... .....


There were no monsters in sight!

Vanquished Creatures
  Maggie (D:7)
  A water moccasin (D:3)
  An ice beast (D:7)
  A black bear (D:3)
  4 bullfrogs
  A scorpion (D:7)
  A howler monkey (D:7)
  A hound (D:7)
  An orc wizard (D:7)
  9 adders
  A dart slug (D:3)
  An orc (D:3)
  4 bats
  2 endoplasms (D:2)
  11 giant cockroaches
  4 goblins
  5 hobgoblins
  5 jackals
  4 kobolds
  4 quokkas
  9 ball pythons
  16 frilled lizards
  7 rats
94 creatures vanquished.

Vanquished Creatures (collateral kills)
  5 foxfires (D:1)
5 creatures vanquished.

Vanquished Creatures (others)
  266 foxfires
266 creatures vanquished.

Grand Total: 365 creatures vanquished

Notes
Turn   | Place    | Note
-------+----------+-------------------------------------------
     0 | D:1      | Lobster4 the Deep Elf Fire Elementalist began the quest for
                  | the Orb.
     0 | D:1      | Reached XP level 1. HP: 10/10 MP: 6/6
   320 | D:1      | Reached XP level 2. HP: 15/15 MP: 1/8
   732 | D:1      | Learned a level 2 spell: Scorch
  1105 | D:2      | Reached XP level 3. HP: 19/19 MP: 5/9
  1547 | D:2      | Reached skill level 4 in Fire Magic
  1958 | D:3      | Reached XP level 4. HP: 24/24 MP: 6/11
  2173 | D:3      | Found a glowing drain.
  2182 | Sewer    | Entered a sewer
  2391 | Sewer    | Reached skill level 1 in Shields
  2597 | Sewer    | Reached XP level 5. HP: 28/28 MP: 1/12
  2877 | Sewer    | Reached skill level 5 in Fire Magic
  2881 | Sewer    | Reached XP level 6. HP: 26/32 MP: 6/14
  2998 | D:3      | Learned a level 4 spell: Flame Wave
  3002 | D:3      | Learned a level 3 spell: Inner Flame
  3307 | D:3      | Noticed a water moccasin
  3313 | D:3      | Killed a water moccasin
  3314 | D:3      | Reached skill level 5 in Spellcasting
  3579 | D:3      | Found Araid's Weapon Shop.
  3866 | D:4      | You fall into a shaft and drop 3 floors!
  3907 | D:7      | Learned a level 3 spell: Mephitic Cloud
  3924 | D:7      | Reached XP level 7. HP: 36/36 MP: 9/16
  3981 | D:7      | Reached skill level 6 in Fire Magic
  3999 | D:7      | Noticed Maggie
  4025 | D:7      | Killed Maggie
  4026 | D:7      | Reached skill level 1 in Fighting
  4026 | D:7      | Reached skill level 1 in Short Blades
  4026 | D:7      | Reached skill level 1 in Air Magic
  4026 | D:7      | Reached skill level 1 in Poison Magic
  4026 | D:7      | Reached skill level 1 in Evocations
  4026 | D:7      | Gained mutation: Your mind is acute. (Int +4, Str/Dex -1)
                  | [potion of mutation]
  4026 | D:7      | Gained mutation: Your spells are a little harder to cast,
                  | but a little more powerful. [potion of mutation]
  4026 | D:7      | Gained mutation: You sometimes lose your temper in combat.
                  | [potion of mutation]
  4026 | D:7      | Gained mutation: You have hidden genetic potential. [potion
                  | of mutation]
  4055 | D:7      | Reached skill level 1 in Armour
  4063 | D:7      | Reached XP level 8. HP: 3/43 MP: 13/18
  4063 | D:7      | HP: 2/43 [orc wizard/+0 dagger of flaming (1)]
  4070 | D:7      | Slain by a sky beast

Illustrated notes

Levels and vault maps discovered:
D:1:      roderic_crop_circles_arrival_small, layout_loops_ring
D:2:      layout_rooms, serial_park_tiny_1
D:3:      layout_basic, portal_sewer_entry_d, serial_shops,
          nicolae_shop_pleasant_corner_grove
D:4:      minmay_razor_zed, layout_basic, mainiacjoe_overflow_24_doors,
          uniq_duvessa, uniq_edmund
D:7:      gammafunk_wand_slinger, layout_cave_pools,
          nicolae_ru_great_annihilating_truth, uniq_maggie

Skill      XL: |  1  2  3  4  5  6  7  8 |
---------------+-------------------------+-----
Dodging        | 3 |  3.0
Stealth        | 3 |  3.0
Fire Magic     | 4 5 6 |  6.6
Conjurations   | 2 3 4 |  4.1
Shields        | 1 2 |  2.6
Spellcasting   | 4 5 |  5.6
Fighting       | 1 |  1.2
Short Blades   | 1 |  1.0
Air Magic      | 1 |  1.5
Poison Magic   | 1 |  1.7
Evocations     | 1 2 |  2.0
Armour         | 1 |  1.2

Action                     |  1- 3 |  4- 6 |  7- 9 || total
---------------------------+-------+-------+-------++-------
  Melee: Short sword       |     3 |     1 |     2 ||     6
   Cast: Foxfire           |    90 |    66 |    11 ||   167
         Scorch            |     6 |    32 |     7 ||    45
         Flame Wave        |       |       |     1 ||     1
    Use: Scroll            |       |     2 |     3 ||     5
         Potion            |       |       |     5 ||     5
 Armour: Robe              |     2 |     2 |    10 ||    14
  Dodge: Dodged            |     9 |     5 |    10 ||    24

Table legend: (Time is in decaauts)
 A = Elapsed time spent in this place.
 B = Non-inter-level travel time spent in this place.
 C = Inter-level travel time spent in this place.
 D = Time resting spent in this place.
 E = Time spent auto-exploring this place.
 F = Levels seen in this place.
 G = Mean time per level.
                   A        B        C        D        E       F      G
               +--------+--------+--------+--------+--------+-----+--------+
         Total |   4114 |   4082 |     32 |    360 |   3125 |   6 |  685.7 |
       Dungeon |   3301 |   3269 |     32 |    196 |   2590 |   5 |  660.2 |
         Sewer |    812 |    812 |      0 |    164 |    535 |   1 |  812.0 |
               +--------+--------+--------+--------+--------+-----+--------+

Top non-repeatable levels by time:
     D:3: 1088 daAuts
     D:1: 1049 daAuts
     D:2: 904 daAuts
   Sewer: 812 daAuts
     D:7: 203 daAuts
     D:4: 55 daAuts
